 Dungeon Crawl Stone Soup version 0.18.1-8-gdd0e5ea (webtiles) character file.

550 Krapule the Insei (level 7, -6/50 HPs)
             Began as a Demonspawn Transmuter on June 5, 2016.
             Was an Initiate of Ashenzari.
             Mangled by Zleub's ghost (8 damage)
             ... on level 4 of the Dungeon.
             The game lasted 00:15:19 (4185 turns).

Krapule the Insei (Demonspawn Transmuter)           Turns: 4185, Time: 00:15:19

Health: -6/50      AC: 16    Str: 10    XL:     7   Next: 7%
Magic:  11/12      EV:  9    Int: 14    God:    Ashenzari [......]
Gold:   92         SH:  0    Dex: 16    Spells: 2 memorised, 9 levels left

rFire  . . .     SeeInvis .       - Unarmed
rCold  . . .     Gourm    .     p - +0 pearl dragon armour
rNeg   + . .     Faith    .     (no shield)
rPois  .         Spirit   .     (no helmet)
rElec  .         Dismiss  .     (no cloak)
rCorr  .         Reflect  .     (no gloves)
SustAt .         Harm     .     j - -2 pair of boots (curse)
MR     .....                    (no amulet)
Stlth  ..........               (no ring)
                                (no ring)

@: not resistant to hostile enchantments, extremely unstealthy
A: talons 1, iridescent scales 2, spiny 1
a: Curse Item, Renounce Religion


You were on level 4 of the Dungeon.
You worshipped Ashenzari.
Ashenzari was noncommittal.
You were not hungry.

You visited 2 branches of the dungeon, and saw 5 of its levels.

You collected 92 gold pieces.

Inventory:

Hand Weapons
 a - a +0 hunting sling
Missiles
 h - 61 arrows
 i - 88 stones (quivered)
 k - 39 sling bullets
Armour
 b - a +0 robe
 g - a +0 ring mail
 j - a cursed -2 pair of boots (worn)
 p - a +0 pearl dragon armour (worn)
Scrolls
 e - 3 scrolls of identify
 f - a scroll of enchant armour
 q - a scroll of remove curse
 t - a scroll of random uselessness {unknown}
Potions
 l - a potion of cure mutation {unknown}
 u - a potion of resistance {unknown}
Books
 c - a book of Changes

   Spells                             Type                      Level
   a - Beastly Appendage              Transmutation                1
   b - Sticks to Snakes               Transmutation                2
   c - Spider Form                    Transmutation/Poison         3
   d - Ice Form                       Ice/Transmutation            4
   e - Blade Hands                    Transmutation                5
Comestibles
 d - 3 bread rations
 m - a slice of pizza
 n - 5 fruits
 o - a meat ration
 r - a beef jerky
 s - 3 chunks of flesh


   Skills:
 - Level 2.0 Fighting
 + Level 2.5 Armour
 + Level 3.1 Dodging
 + Level 4.0 Unarmed Combat
 + Level 3.3 Spellcasting
 * Level 3.7 Transmutations


You had 9 spell levels left.
You knew the following spells:

 Your Spells              Type           Power        Failure   Level  Hunger
a - Beastly Appendage     Trmt           ##....       43%         1    #......
z - Sticks to Snakes      Trmt           ##......     69%         2    ##.....


Dungeon Overview and Level Annotations

Branches:
Dungeon (4/15)             Temple (1/1) D:4

Altars:
Ashenzari
Cheibriados
Dithmenos
Elyvilon
Fedhas
Gozag
Makhleb
Nemelex Xobeh
Okawaru
Qazlal
Sif Muna
Trog
Vehumet
Xom
Yredelemnul
Zin
The Shining One

Annotations:
D:4 Zleub's ghost, amateur MiFi


Innate Abilities, Weirdness & Mutations

You have sharp toenails.
You are mostly covered in iridescent scales (AC +6).
You are partially covered in sharp spines.


Message History

You hit the worm but do no damage.
The worm is almost dead.
Zleub's ghost hits you.
* * * LOW HITPOINT WARNING * * *
The worm bites you but does no damage.
You hit the worm.
You kill the worm!
Zleub's ghost hits you but does no damage.
The worm barely misses you.
You see here a worm corpse.
You hit the worm.
The worm is moderately wounded.
Zleub's ghost is struck by your spines. Zleub's ghost hits you!
* * * LOW HITPOINT WARNING * * *
You hit the worm.
The worm is moderately wounded.
The worm is struck by your spines. The worm bites you.
* * * LOW HITPOINT WARNING * * *
Zleub's ghost is struck by your spines. Zleub's ghost hits you!
You die...

#.>## #.......##...... #..#
#.#######....### #### #.W#
#.#######...##y# ...# #..#
#.......#...w### ##.# #..#
#)#######....... #.# #..# #.#
#...... ##.####..### #.# ##.....
...).......#######.# ####.#
##.####...<.(..W@wr#########.##.#
##.# #.##.########.((((.........
##.####.##.# #>#############
88.88...##.## #.# 8...8.#.....#
#.# 8.>.8.#.##..# #.#
8...8....#..#######.#
88888<###...........# ...#.##
##.##########


You could see a worm, Zleub's ghost and a rat.

Vanquished Creatures
  A phantom (D:4)
  A giant frog zombie (D:4)
  2 orc priests
  2 orc wizards (D:4)
  A centaur skeleton (D:4)
  2 worker ants (D:4)
  A hound skeleton (D:4)
  Robin (D:2)
  4 adders
  2 oozes (D:2)
  An adder skeleton (D:4)
  6 worms
  A giant gecko (D:2)
  10 orcs
  A ball python (D:2)
  13 bats
  4 giant cockroaches
  9 goblins (D:2)
  7 hobgoblins
  13 jackals
  8 kobolds
  2 quokkas (D:3)
  3 giant newts
  A quokka zombie (D:4)
  4 rats
100 creatures vanquished.

Vanquished Creatures (collateral kills)
  A scorpion (D:4)
1 creature vanquished.

Grand Total: 101 creatures vanquished

Notes
Turn   | Place    | Note
--------------------------------------------------------------
     0 | D:1      | Krapule the Demonspawn Transmuter began the quest for the Orb.
     0 | D:1      | Reached XP level 1. HP: 15/15 MP: 3/3
   258 | D:1      | Gained mutation: You are partially covered in iridescent scales (AC +4). [demonic ancestry]
   258 | D:1      | Reached XP level 2. HP: 17/21 MP: 5/5
   662 | D:1      | Reached skill level 3 in Unarmed Combat
   945 | D:2      | Gained mutation: You are mostly covered in iridescent scales (AC +6). [demonic ancestry]
   945 | D:2      | Reached XP level 3. HP: 19/26 MP: 6/6
  1057 | D:2      | Reached skill level 1 in Armour
  1291 | D:2      | Noticed Robin
  1316 | D:2      | Killed Robin
  1316 | D:2      | Reached XP level 4. HP: 2/32 MP: 7/7
  2562 | D:3      | Learned a level 2 spell: Sticks to Snakes
  2927 | D:3      | Gained mutation: You are partially covered in sharp spines. [demonic ancestry]
  2927 | D:3      | Reached XP level 5. HP: 12/38 MP: 8/8
  3353 | D:4      | Found a staircase to the Ecumenical Temple.
  3476 | Temple   | Entered the Ecumenical Temple
  3531 | Temple   | Became a worshipper of Ashenzari the Shackled
  3611 | D:4      | Noticed Zleub's ghost (amateur MiFi)
  3770 | D:4      | Reached XP level 6. HP: 44/44 MP: 10/10
  4076 | D:4      | Reached skill level 4 in Unarmed Combat
  4080 | D:4      | Gained mutation: You have sharp toenails. [demonic ancestry]
  4080 | D:4      | Reached XP level 7. HP: 45/50 MP: 11/11
  4128 | D:4      | Noticed a moth of wrath
  4131 | D:4      | Found a bloodstained altar of Trog.
  4185 | D:4      | HP: 2/50 [worm (3)]
  4185 | D:4      | Mangled by Zleub's ghost

Skill      XL: |  1  2  3  4  5  6 |
---------------+-------------------+-----
Unarmed Combat | 3 4 |  4.0
Transmutations | 2 3 |  3.7
Armour         | 1 2 |  2.5
Dodging        | 2 3 |  3.1
Fighting       | 2 |  2.0
Spellcasting   | 3 |  3.3

Action                   |  1- 3 |  4- 6 |  7- 9 || total
-------------------------+-------+-------+-------++-------
Melee: Unarmed           |   159 |   214 |    25 ||   398
       Punch             |     1 |     5 |       ||     6
 Fire: Hunting sling     |    44 |    71 |    10 ||   125
 Cast: Sticks to Snakes  |       |     1 |       ||     1
  Use: Potion            |     1 |     1 |       ||     2
       Scroll            |       |     2 |       ||     2
 Stab: Sleeping          |     2 |       |       ||     2
  Eat: Chunk             |     1 |     9 |     1 ||    11
Armor: Ring mail         |   100 |    85 |       ||   185
       Pearl dragon armo |       |    24 |     7 ||    31
Dodge: Dodged            |   105 |   121 |    11 ||   237
